 Dungeon Crawl Stone Soup version 0.29.0-4-gdea44cf6ec (webtiles) character file.

Game seed: 16132833853587615998

42 qw the Chopper (level 3, -1/21 HPs)
             Began as a Tengu Warper on Aug 28, 2022.
             Slain by a gnoll
             ... wielding a +0 club
              (6 damage)
             ... on level 2 of the Dungeon.
             The game lasted 00:00:06 (1128 turns).

qw the Chopper (Tengu Warper)                       Turns: 1128, Time: 00:00:07

Health: -1/21      AC:  3    Str: 13    XL:     3   Next: 54%
Magic:  7/7        EV: 12    Int: 13    God:
Gold:   40         SH:  0    Dex: 13    Spells: 6/6 levels left

rFire   . . .      SeeInvis .   Y - +0 hand axe
rCold   . . .      Faith    .   (no shield)
rNeg    . . .      Spirit   .   b - +0 leather armour
rPois   .          Reflect  .   (helmet restricted)
rElec   .          Harm     .   (no cloak)
rCorr   .          Rampage  .   (no gloves)
Will    .....                   (boots unavailable)
Stlth   +.........              (no amulet)
HPRegen 0.07/turn               (no ring)
MPRegen 0.10/turn               (no ring)

@: no status effects
A: beak, talons 3
a: no special abilities


You were on level 2 of the Dungeon.
You visited 1 branch of the dungeon, and saw 2 of its levels.

You collected 40 gold pieces.


Innate Abilities, Weirdness & Mutations

You have a beak for a mouth.
You have claws for feet.


   Skills:
 - Level 2.0 Fighting
 + Level 4.2 Axes
 - Level 1.0 Throwing
 - Level 1.1 Armour
 - Level 2.1 Dodging
 - Level 2.0 Spellcasting
 - Level 2.4 Translocations


You had 6 spell levels left.
You didn't know any spells.
Your spell library contained the following spells:

 Spells                   Type           Power      Damage    Failure   Level
 Blink                    Tloc           14%        N/A       19%         2
 Gell's Gravitas          Tloc           7%         N/A       36%         3
 Lesser Beckoning         Tloc           7%         N/A       36%         3
 Teleport Other           Tloc           7%         N/A       36%         3
 Manifold Assault         Tloc           7%         N/A       98%         5

Inventory:

Hand Weapons
 f - a +0 mace
 Y - a +0 hand axe (weapon)
Missiles
 a - 3 javelins (quivered)
Armour
 b - a +0 leather armour (worn)
Scrolls
 c - a scroll of teleportation {unknown}
 e - a scroll of identify
Potions
 d - 3 potions of degeneration {unknown}
 h - a potion of curing
 i - a potion of cancellation {unknown}

Dungeon Overview and Level Annotations

Branches:
Dungeon (2/15)

Altars:


Message History

Press: ? - help, Q - select action Shift-Dir - straight line, f - goblin You throw a javelin.
The javelin pierces through the goblin.
You kill the goblin!
a - 3 javelins (gained 1)
You see here a +0 club.
There is a stone staircase leading down here.
A ball python comes into view.
Enter note: You hit the ball python.
You kill the ball python!
Your Axes skill increases to level 4!
You see here a +0 club.
You open the door.
There is an open door here. 2 gnolls come into view.
A gnoll is wielding a +2 flail of draining.
The gnoll shouts! x2; You hear a shout!
Enter note:
1119 ||| Stepping ~*~*~tactically~*~*~ (hiding).
You start waiting.
A gnoll is nearby!
A gnoll comes into view. It is wielding a +0 club.
The gnoll shouts!
The gnoll closely misses you.
The gnoll moves out of view.
You hit the gnoll. You claw the gnoll. You peck the gnoll, but do no damage.
The gnoll is heavily wounded.
The gnoll hits you with a +0 spear!
You hit the gnoll. Your peck misses the gnoll.
The gnoll is severely wounded.
You barely miss the gnoll. The gnoll hits you with a +0 club!
The gnoll barely misses you.
You closely miss the gnoll. You claw the gnoll. You peck the gnoll.
You kill the gnoll!
You hit the gnoll but do no damage. You hit the gnoll.
Your peck misses the gnoll.
The gnoll is lightly wounded.
You hit the gnoll.
A kobold comes into view. It is wielding a +1 dagger of venom.
The gnoll hits you with a +0 club.
You die...

##.####### ..........
##.####### ## ##'#######
.. #........# .#
+........# #####.###
#........# #......K.
#........####.###g######
###.............@g......
#.....################
#....... #.......
#.....##. #####.# .# #.#
# ###


You could see 2 gnolls and a kobold.

Vanquished Creatures
  A gnoll (D:2)
  A dart slug (D:1)
  4 endoplasms (D:1)
  A giant cockroach (D:1)
  4 goblins
  3 hobgoblins (D:1)
  2 quokkas (D:1)
  4 ball pythons
  3 bats (D:1)
  A kobold (D:1)
  2 rats (D:1)
26 creatures vanquished.

Notes
Turn   | Place    | Note
-------+----------+-------------------------------------------
     0 | D:1      | qw the Tengu Warper began the quest for the Orb.
     0 | D:1      | Reached XP level 1. HP: 12/12 MP: 4/4
     0 | D:1      | 0 ||| qw: Version: 0.1-a-89-g26bdef1
     0 | D:1      | 0 ||| qw: Game counter: 492
     0 | D:1      | 0 ||| qw: Always use a shield: true
     0 | D:1      | 0 ||| qw: God list: Okawaru
     0 | D:1      | 0 ||| qw: Allow faded altars: false
     0 | D:1      | 0 ||| qw: Do Orc after D:15 true
     0 | D:1      | 0 ||| qw: Do second Lair branch before Depths: true
     0 | D:1      | 0 ||| qw: Lair rune preference: random
     0 | D:1      | 0 ||| qw: Plans: Normal
     0 | D:1      | 0 ||| PLANNING D:1-11
   166 | D:1      | Reached skill level 3 in Axes
   166 | D:1      | Reached XP level 2. HP: 17/17 MP: 6/6
   755 | D:1      | Reached XP level 3. HP: 21/21 MP: 7/7
   912 | D:1      | 912 ||| READING scroll labelled NITOERO QEWKOHUWU.
   913 | D:1      | 913 ||| READING 4 scrolls labelled GONAPI WUHIUHUJ.
   914 | D:1      | 914 ||| READING 3 scrolls of identify.
   914 | D:1      | 914 ||| IDENTIFYING sapphire potion
   915 | D:1      | 915 ||| READING 2 scrolls of identify.
   915 | D:1      | 915 ||| IDENTIFYING metallic red potion
   916 | D:1      | 916 ||| DROPPING scroll of blinking.
   917 | D:1      | 917 ||| DROPPING potion of flight.
   935 | D:2      | 935 ||| STAIRDANCE
  1085 | D:2      | Reached skill level 4 in Axes
  1119 | D:2      | 1119 ||| Stepping ~*~*~tactically~*~*~ (hiding).
  1126 | D:2      | HP: 5/21 [gnoll/+0 club (7)]
  1128 | D:2      | Slain by a gnoll

Levels and vault maps discovered:
D:1:      mainiacjoe_arrival_reflecting_pool, layout_basic, st_stairs_12
D:2:      layout_basic, shapermc_ecumenical_altar_notcrosses, serial_shops, shop

Skill      XL: |  1  2  3 |
---------------+----------+-----
Axes           | 3 4 |  4.2
Fighting       | |  2.0
Throwing       | |  1.0
Armour         | |  1.1
Dodging        | |  2.1
Spellcasting   | |  2.0
Translocations | |  2.4

Action                   || total
-------------------------++-------
Melee: Hand axe          ||    52
       Kick              ||    11
       Peck              ||     8
       Punch             ||     1
Throw: Boomerang         ||     7
       Javelin           ||     1
  Use: Scroll            ||     4
Armor: Leather armour    ||     9
Dodge: Dodged            ||    23

Table legend:
 A = Non-vault XP
 B = Vault XP
 C = Vault XP percentage of total XP
 D = Non-vault monster count
 E = Vault monster count
 F = Vault count percentage of total count
                 A         B        C        D         E       F
            +---------+---------+-------+---------+---------+-------
      Total |      58 |       2 |   3.3 |      25 |       1 |   3.8
            +---------+---------+-------+---------+---------+-------
        D:1 |      36 |       2 |   5.3 |      20 |       1 |   4.8
        D:2 |      22 |       0 |   0.0 |       5 |       0 |   0.0
            +---------+---------+-------+---------+---------+-------
